 Dungeon Crawl Stone Soup version 0.31-a0-145-g046c7d2549 (webtiles) character file.

Game seed: 16818708890761466023

1408 gelatine the Chopper (level 8, -10/62 HPs)
             Began as a Demonspawn Fighter on June 4, 2023.
             Killed from afar by a gargoyle (22 damage)
             ... with a stone arrow
             ... on level 6 of the Dungeon.
             The game lasted 00:12:28 (3841 turns).

gelatine the Chopper (Demonspawn Fighter)           Turns: 3841, Time: 00:12:29

Health: -10/62     AC: 13    Str: 18    XL:     8   Next: 42%
Magic:  8/8        EV:  8    Int: 10    God:
Gold:   313        SH:  5    Dex: 13    Spells: 7/7 levels left

rFire   . . .        a - +0 war axe
rCold   . . .        c - +0 buckler
rNeg    . . .        y - +0 chain mail
rPois   .            (no helmet)
rElec   .            x - +1 cloak
rCorr   .            (no gloves)
SInv    .            (no boots)
Will    .....        g - amulet of regeneration Stlth
                     (no ring)
HPRegen 1.10/turn    (no ring)
MPRegen 0.11/turn

%: no passive effects
@: about to teleport
A: thin metallic scales 1, spiny 1, demonic touch 2
a: no special abilities


You were on level 6 of the Dungeon.
You visited 1 branch of the dungeon, and saw 6 of its levels.

You collected 313 gold pieces.

Inventory:

Hand Weapons
 a - a +0 war axe (weapon)
Missiles
 H - 4 boomerangs (quivered)
Armour
 b - a +0 scale mail
 c - a +0 buckler (worn)
 x - a +1 cloak (worn)
 y - a +0 chain mail (worn)
 E - a scarf of resistance
Jewellery
 g - an amulet of regeneration (around neck)
 t - an amulet of guardian spirit
Wands
 C - a wand of roots (28)
 D - a wand of quicksilver (15)
Scrolls
 e - a scroll of teleportation
 h - 2 scrolls of immolation
 i - a scroll of fear {unknown}
 j - a scroll of vulnerability
 m - 3 scrolls of enchant weapon {unknown}
 n - a scroll of noise {unknown}
 o - a scroll of blinking {unknown}
 p - a scroll of enchant armour
 s - a scroll of poison {unknown}
 v - a scroll of magic mapping {unknown}
 z - a scroll of identify
 A - a scroll of amnesia {unknown}
 B - a scroll of fog {unknown}
 G - a scroll of butterflies {unknown}
Potions
 d - 2 potions of might
 f - a potion of attraction
 k - a potion of ambrosia {unknown}
 l - a potion of cancellation
 q - a potion of invisibility {unknown}
 r - 2 potions of enlightenment
 u - a potion of lignification {unknown}
 w - a potion of curing {unknown}
 F - a potion of magic {unknown}


   Skills:
 * Level 5.1 Fighting
 * Level 6.6 Axes
 * Level 4.5 Armour
 * Level 2.9 Dodging
 + Level 0.1 Stealth
 * Level 4.1 Shields


You had 7 spell levels left.
You didn't know any spells.
Your spell library contained the following spells:

 Spells                   Type           Power      Damage    Failure   Level
 Freeze                   Ice            0%         1d3       99%         1
 Frozen Ramparts          Ice            0%         1d1       100%        3
 Hailstorm                Conj/Ice       0%         3d3       100%        3
 Summon Guardian Golem    Hex/Summ       0%         N/A       100%        3
 Orb of Destruction       Conj           0%         9d5       100%        7
 Spellforged Servitor     Conj/Summ      0%         N/A       100%        7


Dungeon Overview and Level Annotations

Branches:
Dungeon (6/15)
 Temple: D:4-7

Altars:

Annotations:
D:5 2 runed translucent doors, pigah's ghost, novice OpWn


Innate Abilities, Weirdness & Mutations

You are partially covered in thin metallic scales. (AC +2)
You are partially covered in sharp spines.
Your touch may inflict irresistible damage on your foes.


Message History

You throw a boomerang. The boomerang hits the gargoyle.
The gargoyle is lightly damaged.
You throw a boomerang.
The boomerang hits the gargoyle but does no damage.
The gargoyle is lightly damaged.
You throw a boomerang.
The boomerang hits the gargoyle but does no damage.
The gargoyle is lightly damaged.
The gargoyle hurls a stone arrow at you.
The stone arrow hits you!!
You throw a boomerang.
The boomerang hits the gargoyle but does no damage.
The gargoyle is lightly damaged.
The gargoyle hurls a stone arrow at you.
The stone arrow hits you!
The gargoyle hurls a stone arrow at you.
The stone arrow hits you!
Found a ring mail.
You hit the gargoyle but do no damage.
The gargoyle is lightly damaged.
The gargoyle hits you but does no damage.
You closely miss the gargoyle.
The gargoyle is lightly damaged.
The gargoyle hurls a stone arrow at you.
The stone arrow hits you!
* * * LOW HITPOINT WARNING * * *
You barely miss the gargoyle.
The gargoyle is lightly damaged.
The gargoyle hits you with a +0 mace!
* * * LOW HITPOINT WARNING * * *
Okay, then.
As you read the scroll labelled TOSAWI WORYHA, it crumbles to dust.
The creatures around you are filled with an inner flame!
It was a scroll of immolation.
The gargoyle hits you but does no damage.
As you read the scroll labelled GIAGHUN KUGRIW, it crumbles to dust.
You feel strangely unstable.
It was a scroll of teleportation.
The gargoyle hurls a stone arrow at you.
The stone arrow hits you!!
You die...

......### #.#
......# #.# ..<...#
#.# #...#.# #.#####
#####.#######.....#
..................#
#######.########..#
#.# #..# #.# #@.#
#.# #9.# #.# ...#
... #...# ### ##...
....[ ..... .....#


You could see a gargoyle (inner flame).

Vanquished Creatures
  Grinder (D:4)
  Menkaure (D:5)
  Edmund (D:4)
  A black bear (D:5)
  A phantom (D:4)
  A scorpion (D:6)
  3 howler monkeys
  A jelly (D:5)
  2 hounds
  2 orc priests (D:5)
  2 orc wizards
  7 iguanas
  6 gnolls
  7 adders
  An ufetubus (D:6)
  2 worms (D:2)
  2 dart slugs
  11 orcs
  4 endoplasms
  4 giant cockroaches
  9 goblins
  8 hobgoblins
  13 jackals
  7 quokkas
  9 ball pythons
  10 bats
  A frilled lizard (D:2)
  5 kobolds
  6 rats
128 creatures vanquished.

Notes
Turn   | Place    | Note
-------+----------+-------------------------------------------
     0 | D:1      | gelatine the Demonspawn Fighter began the quest for the
                  | Orb.
     0 | D:1      | Reached XP level 1. HP: 18/18 MP: 1/1
    52 | D:1      | Gained mutation: Your touch may inflict minor irresistible
                  | damage on your foes. [demonic ancestry]
    52 | D:1      | Reached XP level 2. HP: 13/24 MP: 2/2
   272 | D:1      | Reached skill level 2 in Axes
   362 | D:1      | Gained mutation: Your touch may inflict irresistible damage
                  | on your foes. [demonic ancestry]
   362 | D:1      | Reached XP level 3. HP: 27/29 MP: 3/3
   988 | D:2      | Gained mutation: You are partially covered in thin metallic
                  | scales. (AC +2) [demonic ancestry]
   988 | D:2      | Reached XP level 4. HP: 34/35 MP: 4/4
  1134 | D:2      | Reached skill level 3 in Axes
  1370 | D:3      | Reached XP level 5. HP: 40/41 MP: 5/5
  1513 | D:3      | Found a faded altar of an unknown god.
  1542 | D:3      | Reached skill level 1 in Dodging
  1795 | D:3      | Identified the +1 mace of the Inquisitive Seers {drain,
                  | Stlth+}
  2068 | D:4      | Noticed Grinder
  2089 | D:4      | Paralysed by Grinder for 3 turns
  2093 | D:4      | Killed Grinder
  2094 | D:4      | Reached skill level 4 in Axes
  2094 | D:4      | Gained mutation: You are partially covered in sharp spines.
                  | [demonic ancestry]
  2094 | D:4      | Reached XP level 6. HP: 21/48 MP: 6/6
  2144 | D:4      | Noticed Edmund
  2165 | D:4      | Killed Edmund
  2166 | D:4      | Reached XP level 7. HP: 30/50 MP: 7/7
  2170 | D:4      | Reached skill level 5 in Axes
  2660 | D:5      | Entered Level 5 of the Dungeon
  2748 | D:5      | Found a large runed translucent door.
  2749 | D:5      | Found a large runed translucent door.
  2760 | D:5      | Noticed pigah's ghost (novice OpWn)
  2860 | D:5      | Reached XP level 8. HP: 61/61 MP: 8/8
  2926 | D:5      | Noticed Menkaure
  2937 | D:5      | Killed Menkaure
  2938 | D:5      | Reached skill level 5 in Fighting
  2938 | D:5      | Reached skill level 6 in Axes
  3831 | D:6      | Noticed a gargoyle
  3841 | D:6      | Killed from afar by a gargoyle

Illustrated notes

Levels and vault maps discovered:
D:1:      dpeg_arrival_rhombi, layout_rooms, corexii_corridor_pit
D:2:      layout_basic
D:3:      layout_basic, hellmonk_ecumenical_altar_zigzags,
          kennysheep_generic_room_11
D:4:      layout_basic, uniq_edmund, uniq_grinder
D:5:      layout_loops_cross, ebering_ghost_disaster_area, nrook_mini_backslash,
          uniq_crazy_yiuf_cottage, uniq_menkaure
D:6:      layout_loops_ring, nicolae_titane

Skill      XL: |  1  2  3  4  5  6  7  8 |
---------------+-------------------------+-----
Armour         | 3 4 |  4.5
Axes           | 2 3 4 5 6 |  6.6
Shields        | 3 4 |  4.1
Dodging        | 1 2 |  2.9
Fighting       | 4 5 |  5.1
Stealth        | |  0.1

Action                     |  1- 3 |  4- 6 |  7- 9 || total
---------------------------+-------+-------+-------++-------
  Melee: War axe           |   117 |   151 |   118 ||   386
         Touch             |       |       |     5 ||     5
  Throw: Boomerang         |       |       |     4 ||     4
         Throwing net      |       |       |     1 ||     1
    Use: Scroll            |       |     4 |     2 ||     6
         Potion            |       |       |     3 ||     3
 Armour: Scale mail        |    77 |    76 |     1 ||   154
         Chain mail        |       |       |    66 ||    66
  Dodge: Dodged            |    78 |    71 |    39 ||   188
  Block: Buckler           |    41 |    31 |    19 ||    91

Table legend: (Time is in decaauts)
 A = Elapsed time spent in this place.
 B = Non-inter-level travel time spent in this place.
 C = Inter-level travel time spent in this place.
 D = Time resting spent in this place.
 E = Time spent auto-exploring this place.
 F = Levels seen in this place.
 G = Mean time per level.
                   A        B        C        D        E       F      G
               +--------+--------+--------+--------+--------+-----+--------+
         Total |   3976 |   3899 |     77 |      0 |   2737 |   6 |  662.7 |
       Dungeon |   3976 |   3899 |     77 |      0 |   2737 |   6 |  662.7 |
               +--------+--------+--------+--------+--------+-----+--------+

Top non-repeatable levels by time:
     D:5: 952 daAuts
     D:1: 793 daAuts
     D:3: 731 daAuts
     D:4: 667 daAuts
     D:2: 577 daAuts
     D:6: 253 daAuts
